3L
ECHO PARK LAKERS @ TOLEDO STINGERS
06/12/2042
 
TOP OF THE 1ST
Echo Park Lakers batting - Pitching for Toledo Stingers : RHP Ricky Sellers
Pitching: RHP Ricky Sellers
Batting: LHB Ramón Torres 0-0: Ball
1-0: Foul Ball, location: 2F
1-1: Foul Ball, location: 2F
1-2: Ground out 4-3 (Groundball, 4S, EV 88.8 MPH)
Batting: LHB Joe Schreibvogel 0-0: Called Strike
0-1: Ball
1-1: Ball
2-1: Called Strike
2-2: Foul Ball, location: 2F
2-2: Fly out, F9 (Flyball, 89D, EV 106.2 MPH)
Batting: LHB Philip Todd 0-0: Ball
1-0: Foul Ball, location: 2F
1-1: Foul Ball, location: 2F
1-2: Foul Ball, location: 2F
1-2: SINGLE (Flyball, 9LM, EV 101.2 MPH)
Batting: LHB Jonathan Winston 0-0: Called Strike
0-1: Ball
1-1: Ball
2-1: Ground out 4-3 (Groundball, 4, EV 82.5 MPH)
Top of the 1st over - 0 runs, 1 hit, 0 errors, 1 left on base; Echo Park 0 - Toledo 0
BOTTOM OF THE 1ST
Toledo Stingers batting - Pitching for Echo Park Lakers : RHP Bernardo López
Pitching: RHP Bernardo López
Batting: RHB Brook Linen 0-0: Called Strike
0-1: Foul Ball, location: 2F
0-2: Ground out 6-3 (Groundball, 6M, EV 88.1 MPH)
Batting: LHB Matt Dunlap 0-0: Foul Ball, location: 2F
0-1: Ball
1-1: Swinging Strike
1-2: Ground out 6-3 (Groundball, 6, EV 82.5 MPH)
Batting: RHB Baldomero Avino 0-0: Ball
1-0: Foul Ball, location: 2F
1-1: Ball
2-1: Swinging Strike
2-2: Foul Ball, location: 2F
2-2: Foul Ball, location: 2F
2-2: Ground out 5-3 (Groundball, 5, EV 85.0 MPH)
Bottom of the 1st over - 0 runs, 0 hits, 0 errors, 0 left on base; Echo Park 0 - Toledo 0
TOP OF THE 2ND
Echo Park Lakers batting - Pitching for Toledo Stingers : RHP Ricky Sellers
Batting: RHB Maema Njongmeta 0-0: Ball
1-0: Ball
2-0: Called Strike
2-1: Fly out, F4 (Line Drive, 4, EV 69.4 MPH)
Batting: LHB Jon Kelly 0-0: Ball
1-0: Ball
2-0: Called Strike
2-1: Swinging Strike
2-2: Strikes out swinging
Batting: RHB Ryoma Yamamoto 0-0: Ground out 6-3 (Groundball, 6, EV 89.4 MPH)
Top of the 2nd over - 0 runs, 0 hits, 0 errors, 0 left on base; Echo Park 0 - Toledo 0
BOTTOM OF THE 2ND
Toledo Stingers batting - Pitching for Echo Park Lakers : RHP Bernardo López
Batting: LHB Lester Threlfall 0-0: Called Strike
0-1: Called Strike
0-2: Ball
1-2: Fly out, F8 (Flyball, 78M, EV 90.6 MPH)
Batting: LHB Mike Johnstone 0-0: Ball
1-0: Ball
2-0: Fly out, F9 (Flyball, 9LSF, EV 89.4 MPH)
Batting: RHB David Alcabú 0-0: Called Strike
0-1: Fly out, F3 (Line Drive, 3, EV 64.4 MPH)
Bottom of the 2nd over - 0 runs, 0 hits, 0 errors, 0 left on base; Echo Park 0 - Toledo 0
TOP OF THE 3RD
Echo Park Lakers batting - Pitching for Toledo Stingers : RHP Ricky Sellers
Batting: LHB Ben Bullock 0-0: Ball
1-0: Foul Ball, location: 2F
1-1: Foul Ball, location: 2F
1-2: Foul Ball, location: 2F
1-2: Ball
2-2: Strikes out looking
Batting: LHB Armando Viña 0-0: Foul Ball, location: 2F
0-1: Ball
1-1: Ground out U3 (Groundball, 34, EV 105.0 MPH)
Batting: LHB Ramón Torres 0-0: Ground out 4-3 (Groundball, 4, EV 90.0 MPH)
Top of the 3rd over - 0 runs, 0 hits, 0 errors, 0 left on base; Echo Park 0 - Toledo 0
BOTTOM OF THE 3RD
Toledo Stingers batting - Pitching for Echo Park Lakers : RHP Bernardo López
Batting: RHB Anselmo Berneu 0-0: Called Strike
0-1: Ball
1-1: Foul Ball, location: 2F
1-2: Foul Ball, location: 2F
1-2: Ball
2-2: Ball
3-2: Foul Ball, location: 2F
3-2: Ground out 6-3 (Groundball, 6S, EV 85.0 MPH)
Batting: LHB Snow Wang 0-0: Called Strike
0-1: Swinging Strike
0-2: Ground out U3 (Groundball, 34S, EV 65.0 MPH)
Batting: LHB Chet Clifton 0-0: Called Strike
0-1: Ball
1-1: Swinging Strike
1-2: Ball
2-2: Strikes out looking
Bottom of the 3rd over - 0 runs, 0 hits, 0 errors, 0 left on base; Echo Park 0 - Toledo 0
TOP OF THE 4TH
Echo Park Lakers batting - Pitching for Toledo Stingers : RHP Ricky Sellers
Batting: LHB Joe Schreibvogel 0-0: Swinging Strike
0-1: SINGLE (Groundball, 34D, EV 106.2 MPH)
Batting: LHB Philip Todd 0-0: SINGLE (Line Drive, 3D, EV 99.4 MPH)
Joe Schreibvogel to second
Runner from 2nd tries for 3rd, SAFE, no throw by RF
Batting: LHB Jonathan Winston 0-0: Foul Ball, location: 2F
0-1: Fielders Choice at 2nd, 4-6 (Groundball, 4, EV 105.6 MPH)
Joe Schreibvogel scores
Batting: RHB Maema Njongmeta 0-0: Ball
1-0: Ball
2-0: Foul Ball, location: 2F
2-1: Ball
3-1: Foul Ball, location: 2F
3-2: Base on Balls
Jonathan Winston to second
Batting: LHB Jon Kelly 0-0: Foul Ball, location: 2F
0-1: Foul Ball, location: 2F
0-2: Ball
1-2: Foul Ball, location: 2F
1-2: Ball
2-2: Ball
3-2: Fielders Choice at 2nd, 6-4 (Groundball, 6S, EV 90.0 MPH)
Jonathan Winston to third
Batting: RHB Ryoma Yamamoto 0-0: Foul Ball, location: 2F
0-1: Ball
1-1: Foul Ball, location: 2F
1-2: Ball
2-2: Ball
3-2: Ground out 4-3 (Groundball, 4S, EV 90.6 MPH)
Top of the 4th over - 1 run, 2 hits, 0 errors, 2 left on base; Echo Park 1 - Toledo 0
BOTTOM OF THE 4TH
Toledo Stingers batting - Pitching for Echo Park Lakers : RHP Bernardo López
Batting: RHB Brook Linen 0-0: Called Strike
0-1: Ball
1-1: Foul Ball, location: 2F
1-2: Ground out U3 (Groundball, 3, EV 106.9 MPH)
Batting: LHB Matt Dunlap 0-0: Ball
1-0: Swinging Strike
1-1: Foul Ball, location: 2F
1-2: Ball
2-2: Strikes out looking
Batting: RHB Baldomero Avino 0-0: SOLO HOME RUN (Flyball, 7D, EV 106.9 MPH), Distance : 384 ft
Batting: LHB Lester Threlfall 0-0: SINGLE (Line Drive, 7LS, EV 92.5 MPH)
Batting: LHB Mike Johnstone 0-0: Ball
1-0: Called Strike
1-1: Ball
2-1: Called Strike
2-2: Foul Ball, location: 2F
2-2: Foul Ball, location: 2F
2-2: Fielders Choice at 2nd, 6-4 (Groundball, 6, EV 83.8 MPH)
Bottom of the 4th over - 1 run, 2 hits, 0 errors, 1 left on base; Echo Park 1 - Toledo 1
TOP OF THE 5TH
Echo Park Lakers batting - Pitching for Toledo Stingers : RHP Ricky Sellers
Batting: LHB Ben Bullock 0-0: Swinging Strike
0-1: Ball
1-1: Ground out U3 (Groundball, 34S, EV 78.8 MPH)
Batting: LHB Armando Viña 0-0: Foul Ball, location: 2F
0-1: Ball
1-1: Ball
2-1: Swinging Strike
2-2: Ball
3-2: Strikes out swinging
Batting: LHB Ramón Torres 0-0: Ball
1-0: Swinging Strike
1-1: Foul Ball, location: 2F
1-2: SINGLE (Groundball, 4MD, EV 108.1 MPH)
Batting: LHB Joe Schreibvogel 0-0: SINGLE (Line Drive, 9LS, EV 94.4 MPH)
Ramón Torres to second
Ramón Torres to third
Batting: LHB Philip Todd 0-0: Fly out, F9 (Line Drive, 9D, EV 101.9 MPH)
Top of the 5th over - 0 runs, 2 hits, 0 errors, 2 left on base; Echo Park 1 - Toledo 1
BOTTOM OF THE 5TH
Toledo Stingers batting - Pitching for Echo Park Lakers : RHP Bernardo López
Batting: RHB David Alcabú 0-0: Reached on error, E1 (Groundball, 13, EV 82.5 MPH)
Batting: RHB Anselmo Berneu 0-0: Ball
David Alcabú is caught stealing 2nd base 2-4
1-0: Ball
2-0: Ball
3-0: Called Strike
3-1: Foul Ball, location: 2F
3-2: Ground out 6-3 (Groundball, 4M, EV 105.6 MPH)
Batting: LHB Snow Wang 0-0: Called Strike
0-1: Ball
1-1: Swinging Strike
1-2: Ball
2-2: Strikes out swinging
Bottom of the 5th over - 0 runs, 0 hits, 1 error, 0 left on base; Echo Park 1 - Toledo 1
TOP OF THE 6TH
Echo Park Lakers batting - Pitching for Toledo Stingers : RHP Ricky Sellers
Batting: LHB Jonathan Winston 0-0: Called Strike
0-1: Foul Ball, location: 2F
0-2: Ground out 1-3 (Groundball, 15S, EV 68.1 MPH)
Batting: RHB Maema Njongmeta 0-0: Ball
1-0: Called Strike
1-1: Swinging Strike
1-2: Foul Ball, location: 2F
1-2: Ball
2-2: Ball
3-2: Ground out 6-3 (Groundball, 6, EV 82.5 MPH)
Batting: LHB Jon Kelly 0-0: Foul Ball, location: 2F
0-1: Ball
1-1: SINGLE (Groundball, 4D, EV 100.0 MPH)
Batting: RHB Ryoma Yamamoto 0-0: Ball
Jon Kelly is caught stealing 2nd base 2-4
Top of the 6th over - 0 runs, 1 hit, 0 errors, 0 left on base; Echo Park 1 - Toledo 1
BOTTOM OF THE 6TH
Toledo Stingers batting - Pitching for Echo Park Lakers : RHP Bernardo López
Batting: LHB Chet Clifton 0-0: Ball
1-0: Called Strike
1-1: Swinging Strike
1-2: Ball
2-2: Strikes out swinging
Pitching: RHP Craig Wash
Batting: RHB Brook Linen 0-0: Called Strike
0-1: SOLO HOME RUN (Flyball, 7LD, EV 98.8 MPH), Distance : 352 ft
Batting: LHB Matt Dunlap 0-0: Ball
1-0: Ball
2-0: Fly out, F8 (Flyball, 8RM, EV 91.2 MPH)
Batting: RHB Baldomero Avino 0-0: Called Strike
0-1: Ball
1-1: Ball
2-1: Ground out 6-3 (Groundball, 6, EV 83.8 MPH)
Bottom of the 6th over - 1 run, 1 hit, 0 errors, 0 left on base; Echo Park 1 - Toledo 2
TOP OF THE 7TH
Echo Park Lakers batting - Pitching for Toledo Stingers : RHP Ricky Sellers
Batting: RHB Ryoma Yamamoto 0-0: Called Strike
0-1: Called Strike
0-2: Fly out, F7 (Flyball, 7LS, EV 93.8 MPH)
Batting: LHB Ben Bullock 0-0: Ball
1-0: Ball
2-0: Fly out, F7 (Flyball, 7LS, EV 72.5 MPH)
Batting: LHB Armando Viña 0-0: Called Strike
0-1: SINGLE (Groundball, 4S, EV 74.4 MPH) (infield hit)
Pitching: RHP Adam Durango
Batting: LHB Ramón Torres 0-0: Ball
Armando Viña steals 2nd base
1-0: Ball
2-0: Called Strike
2-1: Foul Ball, location: 2F
2-2: Ball
3-2: Foul Ball, location: 2F
3-2: Strikes out swinging
Top of the 7th over - 0 runs, 1 hit, 0 errors, 1 left on base; Echo Park 1 - Toledo 2
BOTTOM OF THE 7TH
Toledo Stingers batting - Pitching for Echo Park Lakers : RHP Craig Wash
Batting: LHB Lester Threlfall 0-0: Ball
1-0: Ball
2-0: Called Strike
2-1: Foul Ball, location: 2F
2-2: Foul Ball, location: 2F
2-2: Foul Ball, location: 2F
2-2: Strikes out looking
Batting: LHB Mike Johnstone 0-0: Foul Ball, location: 2F
0-1: Foul Ball, location: 2F
0-2: Ball
1-2: Ball
2-2: SOLO HOME RUN (Flyball, 9D, EV 100.0 MPH), Distance : 386 ft
Pitching: RHP Chun-mei Bao
Batting: RHB David Alcabú 0-0: Foul Ball, location: 2F
0-1: Ground out 4-3 (Groundball, 4MD, EV 101.9 MPH)
Batting: RHB Anselmo Berneu 0-0: Swinging Strike
0-1: Swinging Strike
0-2: Strikes out looking
Bottom of the 7th over - 1 run, 1 hit, 0 errors, 0 left on base; Echo Park 1 - Toledo 3
TOP OF THE 8TH
Echo Park Lakers batting - Pitching for Toledo Stingers : RHP Adam Durango
Batting: LHB Joe Schreibvogel 0-0: Called Strike
0-1: Ball
1-1: Foul Ball, location: 2F
1-2: Ground out 4-3 (Groundball, 34, EV 107.5 MPH)
Batting: LHB Philip Todd 0-0: Foul Ball, location: 2F
0-1: Ball
1-1: DOUBLE (Flyball, 89XD, EV 110.0 MPH)
Batting: LHB Jonathan Winston 0-0: Called Strike
0-1: Swinging Strike
0-2: Foul Ball, location: 2F
0-2: Foul Ball, location: 2F
0-2: Ball
1-2: Ball
2-2: Ball
3-2: Ground out 6-3 (Groundball, 4M, EV 98.1 MPH)
Philip Todd to third
Batting: RHB Maema Njongmeta 0-0: Ball
1-0: Fly out, F3 (Popup, 3, EV 71.9 MPH)
Top of the 8th over - 0 runs, 1 hit, 0 errors, 1 left on base; Echo Park 1 - Toledo 3
BOTTOM OF THE 8TH
Toledo Stingers batting - Pitching for Echo Park Lakers : RHP Chun-mei Bao
Batting: LHB Snow Wang 0-0: Foul Ball, location: 2F
0-1: Ball
1-1: Ball
2-1: Swinging Strike
2-2: Foul Ball, location: 2F
2-2: Strikes out swinging
Batting: LHB Chet Clifton 0-0: Ball
1-0: Ground out 1-3 (Groundball, 13, EV 68.8 MPH)
Batting: RHB Brook Linen 0-0: Foul Ball, location: 2F
0-1: Ball
1-1: Ball
2-1: Ground out 6-3 (Groundball, 6, EV 76.9 MPH)
Bottom of the 8th over - 0 runs, 0 hits, 0 errors, 0 left on base; Echo Park 1 - Toledo 3
TOP OF THE 9TH
Echo Park Lakers batting - Pitching for Toledo Stingers : RHP Adam Durango
Pitching: RHP Yoriyoshi Sugimoto
Batting: LHB Jon Kelly 0-0: Called Strike
0-1: Foul Ball, location: 2F
0-2: Ball
1-2: Ball
2-2: Strikes out looking
Batting: RHB Ryoma Yamamoto 0-0: Foul Ball, location: 2F
0-1: Swinging Strike
0-2: Strikes out swinging, 2-3 out at first.
Batting: LHB Ben Bullock 0-0: Ball
1-0: Ball
2-0: Called Strike
2-1: Foul Ball, location: 2F
2-2: SINGLE (Groundball, 34D, EV 105.6 MPH)
Batting: LHB Armando Viña 0-0: Swinging Strike
0-1: Ground out U3 (Groundball, 3, EV 82.5 MPH)
Top of the 9th over - 0 runs, 1 hit, 0 errors, 1 left on base; Echo Park 1 - Toledo 3
Friday, March 26th, 2021 - OOTP Baseball 20.8 Build 74